 Dungeon Crawl Stone Soup version 0.30-a0-377-g5cb311bc9f (webtiles) character file.

Game seed: 17417119089722967774

305153 KennySheep the Tortoise (level 20, -7/182 HPs)
             Began as an Armataur Warper on Nov 27, 2022.
             Was an Initiate of Gozag.
             Killed by the air
             ... invoked by a spriggan air mage
             ... led by the Enchantress
              (17 damage)
             ... on level 2 of the Depths.
             The game lasted 03:10:00 (54726 turns).

KennySheep the Tortoise (Armataur Warper)          Turns: 54726, Time: 03:10:00

Health: -7/182     AC: 37    Str: 31      XL:     20   Next: 27%
Magic:  29/29      EV:  7    Int: 12 (13) God:    Gozag
Gold:   1642       SH:  5    Dex: 10 (11) Spells: 15/31 levels left

rFire   . . .      SeeInvis .      - Unarmed
rCold   + . .      Faith    .    (no shield)
rNeg    . . .      Spirit   .    W - +4 crystal plate armour
rPois   +          Reflect  +    j - +2 helmet
rElec   .          Harm     .    t - +1 cloak {rPois}
rCorr   .          Roll     +    Z - +3 pair of gauntlets of War {Slay+5}
Will    ++...                    (no barding)
Stlth   ..........               q - amulet of reflection
HPRegen 0.50/turn                O - ring "Ygreuhi" {Str+4 Slay+4}
MPRegen 0.21/turn                a - ring "Qeserit" {rC+ Will+ Slay+6}

@: lethally poisoned (-7 -> -43), about to teleport, gold aura
A: large, rugged brown scales 3, deformed body, armoured tail, roll, long
tongue, awkward tongue, mutation resistance 1, strong 1
}: 2/15 runes: decaying, gossamer
a: Renounce Religion, Potion Petition, Call Merchant, Bribe Branch


You were on level 2 of the Depths.
You worshipped Gozag.
Gozag was most pleased with you.
You visited 8 branches of the dungeon, and saw 38 of its levels.
You visited the Abyss 1 time.
You visited 1 ziggurat, and saw 6 of its levels.
You also visited: Ossuary, Ice Cave and Volcano.

You collected 14116 gold pieces.
You spent 7078 gold pieces at shops.
You paid 5396 gold pieces to Gozag.

Inventory:

Hand Weapons
 P - a +0 hand axe
Missiles
 c - 7 boomerangs of dispersal
 w - 12 javelins
 z - 4 throwing nets
 S - 6 silver javelins
Armour
 j - a +2 helmet (worn)
 t - a +1 cloak of poison resistance (worn)
 W - a +4 crystal plate armour (worn)
 Z - the +3 pair of gauntlets of War (worn) {Slay+5}
   (You bought it in a shop on level 2 of the Elven Halls)

   Slay:      It affects your accuracy & damage with ranged weapons and melee
   (+5).
Jewellery
 a - the ring "Qeserit" (right hand) {rC+ Will+ Slay+6}
   (You bought it in a shop on level 12 of the Dungeon)

   [ring of willpower]

   Slay:      It affects your accuracy & damage with ranged weapons and melee
   (+6).
   rC:        It protects you from cold.
   Will:      It increases your willpower.
 q - an amulet of reflection (around neck)
 I - a +6 ring of dexterity
 J - a +4 ring of evasion
 O - the ring "Ygreuhi" (left hand) {Str+4 Slay+4}
   (You acquired it on level 2 of the Spider Nest)

   [ring of slaying]

   Str:       It affects your strength (+4).
   Slay:      It affects your accuracy & damage with ranged weapons and melee
   (+4).
 X - a +4 ring of protection
Wands
 i - a wand of iceblast (37)
 D - a wand of paralysis (25)
 G - a wand of acid (7)
 L - a wand of digging (3)
 U - a wand of flame (21)
 V - a wand of polymorph (6)
Scrolls
 d - 2 scrolls of enchant weapon
 e - 8 scrolls of teleportation
 g - 23 scrolls of identify
 h - 3 scrolls of butterflies
 k - 2 scrolls of torment
 m - 10 scrolls of noise
 p - a scroll of brand weapon
 x - 4 scrolls of immolation
 y - 2 scrolls of summoning
 C - 5 scrolls of silence
 E - 6 scrolls of poison
 H - 8 scrolls of amnesia
 K - 3 scrolls of fear
 T - a scroll of enchant armour
 Y - 3 scrolls of magic mapping
Potions
 f - 4 potions of lignification
 l - 4 potions of flight
 n - 4 potions of ambrosia
 o - 2 potions of berserk rage
 r - 7 potions of degeneration
 s - 5 potions of brilliance
 u - 3 potions of haste
 v - 4 potions of attraction
 A - 3 potions of cancellation
 B - 2 potions of invisibility
 F - 6 potions of magic
 M - 7 potions of curing
 N - 3 potions of mutation
 Q - 4 potions of might
Miscellaneous
 R - a phantom mirror


   Skills:
 + Level 13.2 Fighting
 - Level 1.2 Throwing
 * Level 19.1 Armour
 + Level 9.0 Dodging
 - Level 10.6 Stealth
 * Level 19.0 Unarmed Combat
 - Level 6.0 Spellcasting
 - Level 17.5 Translocations
 * Level 5.9 Air Magic


You had 15 spell levels left.
You knew the following spells:

 Your Spells              Type           Power      Damage    Failure   Level
a - Blink                 Tloc           90%        N/A       1%          2
b - Manifold Assault      Tloc           45%        N/A       1%          4
c - Lesser Beckoning      Tloc           90%        N/A       1%          3
d - Teleport Other        Tloc           45%        N/A       1%          3
e - Vhi's Electric Charg  Tloc/Air       62%        N/A       4%          3
f - Apportation           Tloc           90%        N/A       1%          1

Your spell library contained the following spells:

 Spells                   Type           Power      Damage    Failure   Level
 Passage of Golubria      Tloc           45%        N/A       1%          4
 Kindle Blastsparks       Fire/Tloc/Air  44%        2d13      22%         3
 Swiftness                Air            17%        N/A       45%         3
 Poisonous Vapours        Pois/Air       20%        N/A       63%         2
 Cigotuvi's Dreadful Rot  Necr/Pois/Air  16%        N/A       77%         2
 Freeze                   Ice            12%        1d3       88%         1
 Necrotise                Necr           12%        1d4       88%         1
 Sandblast                Erth           6%         2d5       88%         1
 Slow                     Hex            12%        N/A       88%         1
 Summon Small Mammal      Summ           12%        N/A       88%         1
 Mephitic Cloud           Conj/Pois/Air  8%         N/A       94%         3
 Ensorcelled Hibernation  Hex/Ice        6%         N/A       95%         2
 Passwall                 Tmut/Erth      2%         N/A       95%         2
 Scorch                   Fire           6%         2d5       95%         2
 Call Canine Familiar     Summ           3%         N/A       99%         3
 Confusing Touch          Hex            3%         N/A       99%         3
 Frozen Ramparts          Ice            6%         1d1       99%         3
 Hailstorm                Conj/Ice       3%         3d3       99%         3
 Ignite Poison            Fire/Tmut/Pois 3%         N/A       99%         3
 Stone Arrow              Conj/Erth      6%         3d7       99%         3
 Tukima's Dance           Hex            3%         N/A       99%         3
 Vampiric Draining        Necr           3%         2d6       99%         3
 Flame Wave               Conj/Fire      3%         2d5       100%        4
 Ice Form                 Ice/Tmut       3%         N/A       100%        4
 Agony                    Necr           3%         N/A       100%        5
 Alistair's Intoxication  Tmut/Pois      2%         N/A       100%        5
 Freezing Cloud           Conj/Ice/Air   4%         6-21      100%        5
 Yara's Violent Unravell  Hex/Tmut       1%         3d3       100%        5
 Summon Cactus Giant      Summ           1%         N/A       100%        6
 Storm Form               Tmut/Air       5%         N/A       100%        7
 Simulacrum               Ice/Necr       Unusable   N/A       N/A         6

Dungeon Overview and Level Annotations

Branches:
Dungeon (15/15)            Temple (0/1) D:6            Lair (5/5) D:9
  Swamp (4/4) Lair:2       Spider (4/4) Lair:3        Slime (0/5) Lair:5
    Orc (2/2) D:12            Elf (3/3) Orc:2        Vaults (1/5) D:14
 Depths (4/4) D:15            Zot (0/5) Depths:4    Ossuary (visited)
  IceCv (visited)         Volcano (visited)

Altars:
Ashenzari
Elyvilon
Gozag
Hepliaklqana
Kikubaaqudgha
Makhleb
Nemelex Xobeh
Qazlal
Ru
Sif Muna
Xom
Zin
The Shining One
Jiyva

Shops:
D:1 *   D:8 [   D:12 =   Orc:1 [   Orc:2 !!!**=[   Elf:1 *:[:   Elf:2 [
Swamp:2 [   Depths:1 =   Depths:4 [

Portals:
Hell: Depths:1 Depths:2 Depths:3 Depths:4
Abyss: Depths:2 Depths:4
Pandemonium: Depths:1

Annotations:
D:9 3 runed translucent doors, Groverdextrious's ghost, novice AtSu; KennySheep's ghost, novice DgHu; porpoise's ghost, novice DsMo; qeuew's ghost, novice SpHu; tinescath's ghost, novice GrEE


Innate Abilities, Weirdness & Mutations

You are completely covered in rugged brown scales. (AC +3, +7% HP)
Armour fits poorly on your strangely shaped body.
You have a long armoured tail.
You roll when moving toward enemies. (Rampage)
Your long tongue fully drains potion bottles. (2x potion effects)
Your tongue gives you trouble enunciating. (1.5x scroll delay)
You are somewhat resistant to further mutation.
Your muscles are strong. (Str +4, Int/Dex -1)


Message History

Your tail-slap misses the spriggan defender.
The spriggan defender is heavily wounded.
You feel sick.
The spriggan defender barely misses you.
The spriggan air mage waves its arms in wide circles.
The air twists around and strikes you.
You punch the spriggan defender!
The spriggan defender is heavily wounded.
You block the spriggan defender's attack.
The spriggan air mage waves its arms in wide circles.
The air twists around and strikes you.
The spriggan is distracted by your dazzling golden aura.
The spriggan shouts!
You feel sick.
You block the spriggan defender's attack.
The spriggan defender hits you with a +4 demon whip of venom!
You are more poisoned.
The spriggan defender hits you with a +0 demon whip of venom!
The spriggan defender hits you with a +4 demon whip of venom!!
The spriggan defender attacks as you move away!
You block the spriggan defender's attack.
The spriggan defender attacks as you move away!
The spriggan defender hits you with a +4 demon whip of venom.
You are more poisoned.
You feel extremely sick.
The spriggan defender hits you with a +0 demon whip of venom!!
* * * LOW HITPOINT WARNING * * *
As you slowly read the scroll of teleportation, it crumbles to dust.
You feel strangely unstable.
* * * LOW HITPOINT WARNING * * *
You feel extremely sick.
The spriggan defender hits you but does no damage.
You are more poisoned.
The spriggan defender hits you with a +0 demon whip of venom!!
* * * LOW HITPOINT WARNING * * *
You are more poisoned.
The spriggan air mage waves its arms in wide circles.
The air twists around and strikes you!
You die...
Your body crumbles into a pile of gold.

................#
..[.............#
................#
...........##...#
...........#.#..#
...........##...#####
.......... #.#ii....#
......... ##i.i#.#.#
..[.### ###.#i#@#.#
∩..#######ii.#######
...#.#.#.#.###
....#.#..i##
##.......#.#
######....#
######.#.#.#
>.........##
..............


You could see a spriggan defender, 2 spriggan air magi and a spriggan.

Vanquished Creatures
  Saint Roka (D:14)
  A caustic shrike (Zig:2)
  A golden dragon (Depths:4)
  the Enchantress (Depths:2)
  2 bone dragons
  Mlioglotl (Spider:4)
  Jorgrun (Elf:2)
  A deep elf blademaster (Elf:3)
  The ghost of Tuashofa the Imperceptible, an adept FeVM of Ru (Depths:1)
  A walking frostbound tome (Depths:4)
  A walking earthen tome (Depths:2)
  2 tentacled starspawn (Abyss:2)
  Kirke (D:15)
  2 tengu reavers
  A storm dragon (Depths:4)
  A thorn hunter (Swamp:1)
  A sphinx (Depths:4)
  Donald (Elf:3)
  A fenstrider witch (Swamp:3)
  2 draconian monks (Depths:4)
  4 fire giants
  The ghost of flotson the Fighter, an adept DsDe of Hepliaklqana (Elf:1)
  5 emperor scorpions
  4 deep elf sorcerers
  5 ghost moths (Spider:4)
  A deep elf elementalist (Elf:3)
  A frost giant (Depths:2)
  A spriggan defender (Depths:2)
  An iron dragon (Depths:1)
  2 orc warlords
  2 draconian annihilators
  8 very ugly things
  A demonspawn blood saint (Zig:5)
  7 stone giants
  A broodmother (Spider:2)
  A green draconian (Depths:4)
  A caustic shrike skeleton (Abyss:2)
  A deep elf demonologist (Elf:3)
  6 eleionomae
  A vampire knight (Depths:1)
  Azrael (Spider:2)
  2 red draconians (Zig:3)
  4 black draconians (Depths:4)
  A spark wasp (shapeshifter) (Depths:3)
  5 bunyips
  A purple draconian (Depths:4)
  10 spark wasps
  5 fire dragons
  Josephine (D:13)
  Snorg (Orc:2)
  An entropy weaver (Spider:4)
  6 ettins
  A deep elf death mage (Elf:3)
  A shambling mangrove (Swamp:3)
  A mummy priest (Zig:4)
  2 hell beasts (Depths:1)
  3 ice dragons (Depths:4)
  4 rakshasas
  A spriggan air mage (Swamp:4)
  5 ghost crabs
  7 hydras
  A catoblepas (D:15)
  2 radroaches
  3 centaur warriors
  2 jorogumos
  A merfolk avatar (Lair:5)
  4 boulder beetles
  3 ogre magi
  13 alligators
  A death knight (D:15)
  8 deep troll shamans
  3 tengu warriors
  A two-headed ogre (shapeshifter) (Depths:4)
  16 two-headed ogres
  6 deep troll earth magi
  A thrashing horror (Abyss:2)
  22 dancing weapons
  A spriggan berserker (Depths:4)
  2 hell knights
  An orc high priest (Orc:2)
  2 death yaks
  A shock serpent (shapeshifter) (Depths:4)
  8 spriggans
  18 deep elf knights
  Sonja (Orc:2)
  9 skeletal warriors
  2 pharaoh ants
  A death drake (Swamp:4)
  8 goliath frogs
  3 iron trolls
  3 sun moths
  A quicksilver dragon simulacrum (Depths:1)
  9 orb spiders
  A flayed ghost (D:15)
  20 deep trolls
  3 swamp dragons
  4 spriggan druids
  A glowing orange brain (Depths:4)
  3 spectral hydras (Swamp:4)
  2 steelbarb worms
  6 bog bodies
  8 deep elf archers
  2 wizards
  5 spriggan simulacra (IceCv)
  7 orc knights (Orc:2)
  A necromancer (D:15)
  A harpy (Lair:5)
  18 deep elf zephyrmancers
  12 ugly things
  2 phantasmal warriors
  24 wolf spiders
  25 deep elf pyromancers
  6 orc sorcerers
  4 slime creatures (D:11)
  6 moths of wrath
  4 will-o-the-wisps
  A naga mage (Zig:5)
  3 cyclopes
  3 manticores
  13 elephants
  2 ice statues (D:15)
  Maurice (D:8)
  7 black mambas
  A gargoyle (D:7)
  10 cane toads
  Psyche (D:8)
  3 rime drakes (Lair:5)
  A cane toad (shapeshifter) (D:14)
  2 swamp worm zombies (Swamp:4)
  A kobold demonologist (D:10)
  A yaktaur (Volcano)
  2 efreet
  2 freezing wraiths (D:15)
  2 tengu conjurers
  4 ice devils (IceCv)
  4 demonic crawlers
  4 guardian mummies (Depths:4)
  10 komodo dragons
  2 hydra zombies (Swamp:4)
  3 anaconda simulacra (IceCv)
  3 polar bears
  An ancient zyme (Abyss:2)
  12 trolls
  21 tarantellas
  A bloated husk (Swamp:4)
  7 saltlings (Orc:2)
  10 hornets
  3 raiju (Abyss:2)
  7 blink frogs
  9 tyrant leeches
  A spectral swamp dragon (Swamp:4)
  3 meliai (D:14)
  A slime creature (shapeshifter) (Elf:2)
  3 snapping turtles (Lair:5)
  17 jumping spiders
  A flying skull (Zig:4)
  6 alligator zombies (Swamp:4)
  Sigmund (D:2)
  15 culicivoras
  2 air elementals
  3 ushabtiu (Zig:4)
  A ynoxinul (Abyss:2)
  2 centaur simulacra (D:15)
  A yak (shapeshifter) (D:15)
  57 yaks
  5 wyverns
  2 water elementals
  12 wraiths
  A shadow (D:10)
  A dire elephant simulacrum (IceCv)
  A vampire (D:12)
  A hog (D:15)
  5 fire elementals
  26 redbacks
  9 minotaur simulacra (IceCv)
  2 steam dragons
  2 basilisks
  13 vampire mosquitoes
  A chaos spawn (Abyss:2)
  2 harpy simulacra (IceCv)
  3 wargs
  Menkaure (D:6)
  15 swamp worms
  3 acid dragons
  8 water moccasins
  A hell hound (Spider:3)
  A floating eye (Depths:3)
  2 swamp drakes
  A sky beast (D:6)
  30 orc warriors
  An ice beast (D:7)
  A black bear (D:6)
  A black bear (shapeshifter) (Elf:3)
  5 swamp dragon zombies (Swamp:4)
  5 wolves (Lair:2)
  8 centaurs
  9 ogres
  9 phantoms
  2 kobold brigands (D:7)
  2 gnoll sergeants
  4 deep troll simulacra (IceCv)
  12 bullfrogs
  3 necrophages
  5 earth elementals
  8 scorpions
  3 wights (D:7)
  A small abomination (Abyss:2)
  11 killer bees
  A lindwurm simulacrum (IceCv)
  5 howler monkeys
  6 electric eels
  A crimson imp (Orc:2)
  4 centaur zombies
  4 hounds
  2 jellies
  17 orc priests
  A human zombie (Ossuary)
  Jessica (D:2)
  A gnoll bouda (D:4)
  7 iguanas
  29 orc wizards
  3 scorpion zombies (Ossuary)
  Natasha (thrice) (D:2)
  A spectral swamp drake (Swamp:4)
  5 hell rats (Lair:2)
  A boggart skeleton (D:15)
  A boggart simulacrum (D:15)
  9 mummies
  20 gnolls
  12 adders
  2 river rats (D:9)
  2 swamp drake zombies (Swamp:4)
  4 white imps
  5 ufetubi
  5 worms
  13 dart slugs
  103 orcs
  2 ball pythons
  8 endoplasms
  5 giant cockroaches
  3 gnoll zombies (Ossuary)
  9 hobgoblins
  4 jackals (D:5)
  6 quokkas
  7 bats
  A frilled lizard (D:2)
  8 goblins
  2 goblin zombies
  4 hobgoblin zombies (Ossuary)
  12 kobolds
  4 kobold zombies
  An orc zombie (Ossuary)
  5 rats
  2 briar patches (Swamp:1)
  4 pillars of salt (Orc:2)
  4 starspawn tentacles (Abyss:2)
1331 creatures vanquished.

Vanquished Creatures (collateral kills)
  A death scarab (Zig:4)
  A mummy (Zig:4)
2 creatures vanquished.

Vanquished Creatures (others)
  An ogre mage (Zig:5)
  A dancing weapon (Elf:2)
  A deep elf knight (Elf:3)
  A steelbarb worm (Spider:1)
  A deep elf pyromancer (Elf:2)
  A bloated husk (Swamp:4)
  A flying skull (Zig:4)
  A vampire (D:10)
  5 humans (D:15)
  A kobold brigand (D:6)
  A spectral swamp drake (Swamp:4)
  10 foxfires
  53 fungi
  7 pillars of salt (Orc:2)
  58 plants
  4 starspawn tentacles (Abyss:2)
147 creatures vanquished.

Grand Total: 1480 creatures vanquished

Notes
Turn   | Place    | Note
-------+----------+-------------------------------------------
     0 | D:1      | KennySheep the Armataur Warper began the quest for the Orb.
     0 | D:1      | Reached XP level 1. HP: 18/18 MP: 3/3
   167 | D:1      | Reached XP level 2. HP: 20/25 MP: 4/4
   653 | D:1      | Found Kewnimm's Assorted Antiques.
   889 | D:2      | Noticed Sigmund
   978 | D:2      | Noticed Natasha
   996 | D:2      | Killed Natasha
   997 | D:2      | Reached XP level 3. HP: 11/31 MP: 5/5
  1194 | D:2      | Reached XP level 4. HP: 25/38 MP: 6/6
  1329 | D:2      | Noticed Jessica
  1334 | D:2      | Killed Jessica
  1379 | D:2      | Noticed Natasha
  1400 | D:2      | Killed Natasha
  1401 | D:2      | Reached XP level 5. HP: 42/43 MP: 7/7
  1441 | D:2      | Noticed Natasha
  1446 | D:2      | Killed Natasha
  2084 | D:2      | Killed Sigmund
  2085 | D:2      | Reached skill level 5 in Unarmed Combat
  2085 | D:2      | Reached XP level 6. HP: 43/51 MP: 8/8
  3140 | D:4      | Reached skill level 5 in Armour
  3151 | D:4      | Reached XP level 7. HP: 49/56 MP: 9/9
  3246 | D:4      | Learned a level 2 spell: Blink
  3751 | D:4      | Found a sand-covered staircase.
  3758 | Ossuary  | Entered an ossuary
  3877 | Ossuary  | Reached XP level 8. HP: 62/66 MP: 10/10
  4853 | D:5      | Entered Level 5 of the Dungeon
  4886 | D:5      | Learned a level 4 spell: Manifold Assault
  5591 | D:5      | Found a shimmering blue altar of Sif Muna.
  5933 | D:6      | Noticed Menkaure
  5940 | D:6      | Killed Menkaure
  6089 | D:6      | Identified the +4 war axe of Qaeterr {vorpal, Drain rCorr
                  | Int+2 Stlth+}
  6179 | D:6      | Reached skill level 5 in Translocations
  6179 | D:6      | Reached XP level 9. HP: 64/75 MP: 11/11
  6190 | D:6      | Identified the ring of Pyromania {Wiz Int+3}
  6920 | D:6      | Found a staircase to the Ecumenical Temple.
  7142 | D:7      | Noticed a two-headed ogre
  7476 | D:7      | Found an opulent altar of Gozag.
  7501 | D:7      | Became a worshipper of Gozag Ym Sagoz the Greedy
  7532 | D:7      | Found the +6 shillelagh "Devastator" {shatter}
  7546 | D:7      | Noticed a two-headed ogre
  7559 | D:7      | Killed a two-headed ogre
  7560 | D:7      | Reached skill level 5 in Fighting
  7560 | D:7      | Reached XP level 10. HP: 65/86 MP: 12/12
  7562 | D:7      | Killed a two-headed ogre
  7777 | D:7      | Noticed a gargoyle
  8158 | D:8      | Noticed Maurice
  8173 | D:8      | Killed Maurice
  8451 | D:8      | Noticed a manticore
  8476 | D:8      | Killed a manticore
  8496 | D:8      | Reached skill level 10 in Unarmed Combat
  8670 | D:8      | Found a sparkling altar of Nemelex Xobeh.
  8670 | D:8      | Found a sacrificial altar of Ru.
  8793 | D:8      | Found a broken altar of Ashenzari.
  8796 | D:8      | Found a burning altar of Makhleb.
  8801 | D:8      | Found a glowing golden altar of the Shining One.
  8845 | D:8      | Found an ancient bone altar of Kikubaaqudgha.
  8983 | D:8      | Noticed Psyche
  8995 | D:8      | Killed Psyche
  9488 | D:9      | Noticed a death yak
  9488 | D:9      | Noticed a death yak
  9500 | D:9      | Noticed a death yak
  9531 | D:8      | Killed a death yak
 10341 | D:9      | Found a staircase to the Lair.
 10495 | D:10     | Entered Level 10 of the Dungeon
 10516 | D:10     | Killed a death yak
 10517 | D:10     | Reached XP level 11. HP: 32/97 MP: 13/13
 10843 | D:10     | Reached skill level 10 in Armour
 11249 | D:9      | Found a runed translucent gate.
 11249 | D:9      | Found a runed translucent gate.
 11249 | D:9      | Found a runed translucent gate.
 11250 | D:9      | Noticed tinescath's ghost (novice GrEE)
 11250 | D:9      | Noticed KennySheep's ghost (novice DgHu)
 11250 | D:9      | Noticed qeuew's ghost (novice SpHu)
 11250 | D:9      | Noticed Groverdextrious's ghost (novice AtSu)
 11250 | D:9      | Noticed porpoise's ghost (novice DsMo)
 11430 | D:8      | Bought a warped chain mail for 266 gold pieces
 11430 | D:8      | Identified the +10 chain mail of the Equator {-Tele rF+
                  | Regen+ Dex+4} (You bought it in a shop on level 8 of the
                  | Dungeon)
 11523 | D:10     | Found a white marble altar of Elyvilon.
 11594 | D:10     | Noticed a centaur warrior
 11601 | D:10     | Killed a centaur warrior
 12276 | D:10     | Noticed a two-headed ogre
 12287 | D:10     | Killed a two-headed ogre
 12531 | D:11     | Noticed a skeletal warrior
 12607 | Lair:1   | Entered Level 1 of the Lair of Beasts
 12874 | Lair:1   | Identified the +6 short sword of the Golden God {speed, rF+
                  | rN+ Str-4 Int+4}
 13345 | Lair:1   | Reached XP level 12. HP: 90/108 MP: 14/14
 13468 | Lair:2   | Found a dark tunnel.
 13475 | Volcano  | Entered a volcano
 13490 | Volcano  | Learned a level 3 spell: Lesser Beckoning
 13494 | Volcano  | Learned a level 3 spell: Teleport Other
 13661 | Volcano  | Noticed a centaur warrior
 13666 | Volcano  | Reached skill level 1 in Stealth
 13669 | Volcano  | Killed a centaur warrior
 14252 | Lair:2   | Found a staircase to the Swamp.
 14258 | Lair:2   | Noticed a four-headed hydra
 14270 | Lair:2   | Killed a four-headed hydra
 15046 | Lair:3   | Found a hole to the Spider Nest.
 15306 | D:1      | Bought a shiny crystal plate armour for 1660 gold pieces
 15878 | Lair:4   | Noticed a seven-headed hydra
 16139 | Lair:3   | Noticed a six-headed hydra
 16150 | Lair:3   | Killed a six-headed hydra
 16151 | Lair:3   | Reached skill level 10 in Translocations
 16444 | Lair:4   | You fall into a shaft and drop 1 floor!
 16444 | Lair:5   | Entered Level 5 of the Lair of Beasts
 16480 | Lair:5   | Found a viscous altar of Jiyva.
 16480 | Lair:5   | Found a staircase to the Slime Pits.
 16519 | Lair:5   | Reached XP level 13. HP: 118/118 MP: 16/16
 16933 | Lair:5   | Reached skill level 1 in Throwing
 17296 | D:1      | Bought a scroll of teleportation for 60 gold pieces
 17296 | D:1      | Bought a pair of glowing gloves for 150 gold pieces
 17296 | D:1      | Bought a scroll of teleportation for 60 gold pieces
 17302 | D:1      | Bought a brass ring for 100 gold pieces
 18164 | Lair:5   | HP: 5/120 [snapping turtle (10)]
 18340 | D:8      | Bought a pair of embroidered gloves for 210 gold pieces
 18818 | Lair:5   | Reached skill level 10 in Fighting
 19006 | Lair:5   | Found the +8 trident of the Octopus King {venom, rElec
                  | rPois}
 19588 | D:11     | Found a stormy altar of Qazlal.
 19709 | D:11     | Reached XP level 14. HP: 129/129 MP: 19/19
 19739 | D:11     | Learned a level 3 spell: Vhi's Electric Charge
 19741 | D:11     | Learned a level 1 spell: Apportation
 20743 | D:12     | Found a staircase to the Orcish Mines.
 21163 | D:12     | Bought the ring "Qeserit" {rC+ Will+ Slay+6} for 770 gold
                  | pieces
 21215 | Orc:1    | Entered Level 1 of the Orcish Mines
 21221 | Orc:1    | Noticed an orc warlord
 21642 | Orc:1    | Killed an orc warlord
 21893 | Orc:1    | Found Xamn's General Store.
 22317 | Orc:2    | Entered Level 2 of the Orcish Mines
 22317 | Orc:2    | Found a staircase to the Elven Halls.
 22375 | Orc:2    | Found Gakips's Distillery.
 22410 | Orc:2    | Noticed Sonja
 22410 | Orc:2    | Noticed an orc warlord
 22452 | Orc:2    | Found Fos Cac's Distillery.
 22487 | Orc:2    | Bought a potion of heal wounds for 85 gold pieces
 22763 | Orc:2    | Found Plog's Assorted Antiques.
 23072 | Orc:2    | Bought a potion of might for 56 gold pieces
 23072 | Orc:2    | Bought a potion of berserk rage for 70 gold pieces
 23072 | Orc:2    | Bought a potion of lignification for 42 gold pieces
 23072 | Orc:2    | Bought a potion of curing for 42 gold pieces
 23072 | Orc:2    | Bought a potion of heal wounds for 70 gold pieces
 23175 | Orc:2    | Found Vymp's Distillery.
 23212 | Orc:2    | Noticed Snorg
 23223 | Orc:2    | Killed Snorg
 23312 | Orc:2    | Found Goiwkap's Jewellery Shoppe.
 23419 | Orc:2    | Found Huuqaikhe's General Store.
 23425 | Orc:2    | Bought a +1 cloak of poison resistance for 189 gold pieces
 23650 | Abyss:2  | Cast into level 2 of the Abyss (Sonja)
 23672 | Abyss:2  | Noticed a tentacled starspawn
 23687 | Abyss:2  | Killed a tentacled starspawn
 23765 | Abyss:2  | Noticed a tentacled starspawn
 23777 | Abyss:2  | Killed a tentacled starspawn
 23876 | Orc:2    | Escaped the Abyss
 23879 | Orc:2    | Killed Sonja
 23994 | Orc:2    | Killed an orc warlord
 24206 | Orc:2    | Found Hastulin's Armour Shoppe.
 24221 | Orc:2    | Reached XP level 15. HP: 139/139 MP: 20/22
 24824 | D:13     | Noticed Josephine
 24836 | D:13     | Killed Josephine
 25425 | D:14     | Found a gate to the Vaults.
 25553 | D:14     | Identified the +2 robe of Hedge Wizardry {rPois rC++}
 25627 | D:14     | Found an opulent altar of Gozag.
 26066 | D:14     | Reached skill level 5 in Dodging
 26308 | D:15     | Entered Level 15 of the Dungeon
 26316 | D:15     | Noticed Kirke
 26340 | D:15     | Killed Kirke
 26435 | D:15     | Found a frozen archway.
 26451 | D:15     | Reached skill level 5 in Spellcasting
 26460 | IceCv    | Entered an ice cave
 27286 | IceCv    | Reached skill level 15 in Armour
 27618 | IceCv    | Noticed an Ice Fiend
 28189 | D:15     | Found a staircase to the Depths.
 28266 | D:15     | Found a hazy altar of Hepliaklqana.
 28269 | D:15     | Got the Catalogue of the Assembled Arsonist
 28771 | Swamp:1  | Entered Level 1 of the Swamp
 28794 | Swamp:1  | Reached skill level 15 in Unarmed Combat
 29042 | Swamp:1  | Reached XP level 16. HP: 148/148 MP: 24/24
 29251 | Swamp:1  | Noticed a thorn hunter
 29270 | Swamp:1  | Killed a thorn hunter
 29482 | Swamp:1  | Gained mutation: Your muscles are strong. (Str +4, Int/Dex
                  | -1) [potion of mutation]
 29482 | Swamp:1  | Gained mutation: You are somewhat resistant to further
                  | mutation. [potion of mutation]
 30135 | Swamp:2  | Bought the +1 robe of Vines {NoPotionHeal Regen++++} for
                  | 1120 gold pieces
 30135 | Swamp:2  | Found the +1 robe of Vines {NoPotionHeal Regen++++}
 30892 | Swamp:3  | Identified the +0 robe of the Jabberwock {-Cast Harm rElec
                  | Dex+4}
 31000 | Swamp:4  | Entered Level 4 of the Swamp
 31024 | Swamp:4  | Reached skill level 5 in Stealth
 31030 | Swamp:4  | HP: 7/146 [bunyip (29)]
 32417 | Swamp:4  | Noticed a bone dragon
 32928 | Swamp:4  | Killed a bone dragon
 32933 | Swamp:4  | Reached XP level 17. HP: 81/158 MP: 26/26
 33044 | Swamp:4  | Got a decaying rune of Zot
 33180 | Spider:1 | Entered Level 1 of the Spider Nest
 33351 | Spider:1 | Reached skill level 15 in Translocations
 34620 | Spider:2 | Identified a scroll of acquirement
 34621 | Spider:2 | Acquired the ring "Ygreuhi" {Str+4 Slay+4}
 35620 | Elf:1    | Entered Level 1 of the Elven Halls
 35838 | Elf:1    | Found Xoni's General Store.
 35838 | Elf:1    | Found Suqeu's Armour Emporium.
 35838 | Elf:1    | Found Awnur's Book Shoppe.
 35843 | Elf:1    | Found Peggo's Book Emporium.
 35938 | Elf:1    | Found a runed translucent door.
 35939 | Elf:1    | Found a shimmering altar of Xom.
 35939 | Elf:1    | Noticed flotson's ghost (adept DsDe)
 36259 | Elf:1    | Paralysed by an air elemental for 1 turns
 36519 | Elf:1    | Killed flotson's ghost
 36927 | Elf:2    | Paralysed by an air elemental for 1 turns
 37047 | Elf:2    | Bought a faintly humming chain mail for 304 gold pieces
 37047 | Elf:2    | Identified the +0 chain mail "Rig Pymp" {Drain rN++ Int+5}
                  | (You bought it in a shop on level 2 of the Elven Halls)
 37047 | Elf:2    | Bought a polished chain mail for 304 gold pieces
 37047 | Elf:2    | Identified the +3 chain mail of Restlessness {*Corrode
                  | Str+4 SInv} (You bought it in a shop on level 2 of the
                  | Elven Halls)
 37105 | Elf:2    | Found a runed translucent gate.
 37117 | Elf:2    | Found a runed translucent gate.
 37117 | Elf:2    | Found a runed translucent gate.
 37360 | Elf:2    | Noticed Jorgrun
 37417 | Elf:2    | Killed Jorgrun
 38197 | Vaults:1 | Entered Level 1 of the Vaults
 38201 | Vaults:1 | Noticed Saint Roka
 38223 | D:14     | Killed Saint Roka
 38869 | Spider:3 | Reached XP level 18. HP: 165/165 MP: 27/27
 38966 | Spider:3 | Noticed Azrael
 38997 | Spider:2 | Killed Azrael
 39767 | Spider:4 | Entered Level 4 of the Spider Nest
 40652 | Spider:4 | Noticed Mlioglotl
 40661 | Spider:4 | Killed Mlioglotl
 42623 | Elf:2    | Bought the +3 pair of gauntlets of War {Slay+5} for 1520
                  | gold pieces
 42623 | Elf:2    | Found the +3 pair of gauntlets of War {Slay+5}
 42633 | Elf:2    | Upgraded the game from 0.30-a0-374-g95c0257040 to
                  | 0.30-a0-377-g5cb311bc9f
 43376 | Elf:3    | Entered Level 3 of the Elven Halls
 43517 | Elf:3    | Noticed Donald
 43529 | Elf:3    | Killed Donald
 43530 | Elf:3    | Reached skill level 10 in Stealth
 45956 | Spider:4 | Got a gossamer rune of Zot
 46414 | Depths:1 | Entered Level 1 of the Depths
 46428 | Depths:1 | Found a one-way gate leading to the halls of Pandemonium.
 46458 | Depths:1 | Reached XP level 19. HP: 139/172 MP: 28/28
 47685 | Depths:1 | Found Naptia Efed's Jewellery Emporium.
 47722 | Depths:1 | Found a glowing silver altar of Zin.
 47737 | Depths:1 | Noticed a bone dragon
 47745 | Depths:1 | Killed a bone dragon
 47752 | Depths:1 | Found a gateway to Hell.
 47773 | Depths:1 | Reached skill level 1 in Air Magic
 48030 | Depths:1 | Identified the +4 halberd of the Special Beasts {flame, rF-
                  | rC+ rN+ Str+2}
 48193 | Depths:1 | Found a runed translucent gate.
 48193 | Depths:1 | Noticed Tuashofa's ghost (adept FeVM)
 48194 | Depths:1 | Found a runed translucent gate.
 48194 | Depths:1 | Found a runed translucent gate.
 48533 | Depths:1 | Killed Tuashofa's ghost
 48805 | Depths:2 | Found a one-way gate to the infinite horrors of the Abyss.
 49027 | Depths:2 | Noticed the Enchantress
 49406 | Depths:2 | You fall into a shaft and drop 2 floors!
 49406 | Depths:4 | Entered Level 4 of the Depths
 49872 | Depths:3 | Found a one-way gateway to a ziggurat.
 50918 | Depths:4 | Noticed a juggernaut
 52281 | Depths:4 | Noticed a golden dragon
 52284 | Depths:4 | Killed a golden dragon
 52292 | Depths:4 | Reached XP level 20. HP: 136/182 MP: 29/29
 52296 | Depths:4 | Reached skill level 5 in Air Magic
 52299 | Depths:4 | Found a gate to the Realm of Zot.
 53365 | Zig:1    | Entered Level 1 of a ziggurat
 53392 | Zig:2    | Entered Level 2 of a ziggurat
 53393 | Zig:2    | Noticed a caustic shrike
 53401 | Zig:2    | Killed a caustic shrike
 53537 | Zig:3    | Entered Level 3 of a ziggurat
 53829 | Zig:4    | Entered Level 4 of a ziggurat
 53990 | Zig:5    | Entered Level 5 of a ziggurat
 53994 | Zig:5    | Found the +5 robe of Night {Dark Will+ SInv}
 54129 | Zig:6    | Entered Level 6 of a ziggurat
 54142 | Depths:3 | Noticed a golden dragon
 54717 | Depths:2 | Killed the Enchantress
 54726 | Depths:2 | Killed from afar by a spriggan air mage

Illustrated notes

Levels and vault maps discovered:
D:1:      scummos_arrival_hexagon, layout_basic, serial_shops,
          nicolae_shop_hallway_stairs, hangedman_abyss_or_decor_stabs
D:2:      layout_basic, uniq_natasha, uniq_jessica, uniq_sigmund
D:3:      kennysheep_slugbush, layout_loops_ring, serial_bayou_pond_b
D:4:      layout_loops_ring, nicolae_ossuary_entry_giza, minmay_misc_feat_chi
D:5:      layout_loops_ring, nicolae_sif_muna_condensation
D:6:      minmay_polygon_palace, layout_basic, temple_green, uniq_menkaure
D:7:      layout_basic, mainiacjoe_overflow_brackets,
          dilly_guarded_unrand_devastator
D:8:      layout_loops_ring, mainiacjoe_overflow_alcove_2,
          gammafunk_temple_overflow_statue, grunt_temple_overflow_diamond,
          uniq_psyche, uniq_maurice
D:9:      layout_big_octagon, dpeg_lair_monsters, gammafunk_ghost_cemetery
D:10:     layout_long_grid, elyvilon_altar_1, minmay_misc_feat_nine_boxes,
          minivault_20, minmay_joined_circles
D:11:     layout_roguey, nicolae_qazlal_general_emergency
D:12:     layout_irregular_city, hiddenorc2_lemuel, minivault_19,
          nicolae_kite_square_tiling_tiny
D:13:     layout_loops_ring, uniq_josephine
D:14:     layout_stronghold, david_vaults_2, grunt_gozag_breadcrumbs
D:15:     grunt_enter_depths_magical_seal, layout_basic,
          portal_ice_cave_entry_ice_statue_two, st_stairs_1,
          nicolae_hepliaklqana_hippocampus, uniq_kirke
Lair:1:   layout_gridlike, infiniplex_staircase_pool_2, serial_bayou_shore_b,
          serial_bayou_shore_b
Lair:2:   layout_chaotic_city, swamp_mist_pool, enter_volcano_2
Lair:3:   layout_chaotic_city, spider_nest_entry_web_field,
          chequers_serial_rivers_small_b
Lair:4:   layout_gridlike
Lair:5:   gammafunk_lair_ancient_temple, layout_long_grid,
          dpeg_slime_entry_corner
Swamp:1:  layout_basic_swamp, nicolae_swamp_fairy_circle
Swamp:2:  layout_basic_swamp, evilmike_swamp_ruin_rubble_2
Swamp:3:  layout_basic_swamp, serial_swamp_ruin, evilmike_swamp_ruin_house_6,
          hangedman_swamp_ruin_wall, evilmike_swamp_ruin_house_3
Swamp:4:  swamp_pestilence, layout_basic_swamp
Spider:1: layout_spider_delve, nicolae_spider_webs_and_nodes,
          spiders_nest_hornet_nest
Spider:2: layout_spider_delve
Spider:3: layout_spider_delve, uniq_azrael
Spider:4: spider_rune_water, uniq_mlioglotl
Orc:1:    layout_diamond_mine, serial_shops, nicolae_shop_hallway_stairs
Orc:2:    hellmonk_orc_salted, layout_diamond_mine, serial_shops,
          nicolae_square_shop, shop, nicolae_shop_hallway_stairs, uniq_snorg,
          uniq_sonja
Elf:1:    layout_gridlike, ebering_ghost_xom, evilmike_minifort,
          minmay_shoptagon
Elf:2:    nicolae_elf_blades_crystal_corner, layout_geoelf_octagon, uniq_jorgrun
Elf:3:    minmay_elf_hall, layout_loops_corners, uniq_donald
Vaults:1: vaults_dpeg_emergency_exit, grunt_vaults_hallway_short,
          vaults_dpeg_hooks, nicolae_vaults_diagonal_hallway_7,
          hangedman_vaults_maws, v_alt_pattern_4, dpeg_vaults_hating_casters,
          v_misc_12, nicolae_vaults_alarming, hangedman_vaults_locks,
          vaults_room_pools, nicolae_vaults_mini_display_case,
          layout_vaults_big_room, uniq_saint_roka
Depths:1: layout_forbidden_donut, reono_crystal_passage, grunt_mini_vestibule,
          serial_shops, kennysheep_mini, rand_demon_pan_entry_3,
          ebering_ghost_rock_garden, minmay_crystal_water,
          hangedman_abyss_or_decor_slice, zin_scriptorium
Depths:2: nicolae_cairo_tiling_large, layout_long_grid, grunt_decor_arrowhead,
          hangedman_abyss_entry_splay, hell_entry, pan_entry, minmay_microvault,
          uniq_enchantress
Depths:3: hangedman_arch_fort, layout_twisted_cross, enter_ziggurat_a,
          hell_entry, minmay_misc_feat_ornament, rand_demon_pan_entry_7,
          abyss_entry, hangedman_summoners_spam
Depths:4: grunt_zot_entry_hairpin, layout_gridville, dk_noncrumbling_3,
          hell_entry, abyss_entry, chequers_serial_rivers_micro_d,
          grunt_ministairs_8, minmay_guarded_unrand_curses

Skill      XL: |  1  2  3  4  5  6  7  8  9 10 11 12 13 14 15 16 17 18 19 20 |
---------------+-------------------------------------------------------------+-----
Unarmed Combat | 2 3 4 5 6 8 9 10 12 13 14 15 16 17 18 19 | 19.0
Armour         | 2 3 4 5 7 8 9 11 13 14 15 17 18 19 | 19.1
Fighting       | 2 3 5 6 7 9 10 11 12 13 | 13.2
Translocations | 5 6 7 8 10 11 12 13 14 16 17 | 17.5
Stealth        | 3 6 9 10 | 10.6
Dodging        | 2 3 4 5 6 7 8 9 |  9.0
Spellcasting   | 2 3 4 5 6 |  6.0
Throwing       | 1 |  1.2
Air Magic      | 4 5 |  5.9

Action                   |  1- 3 |  4- 6 |  7- 9 | 10-12 | 13-15 | 16-18 | 19-21 || total
-------------------------+-------+-------+-------+-------+-------+-------+-------++-------
Melee: Unarmed           |   121 |   205 |   543 |   900 |  1746 |  1561 |   532 ||  5608
       Tailslap          |    14 |    28 |    89 |   162 |   374 |   283 |   116 ||  1066
       Punch             |     2 |     6 |    24 |    69 |   185 |   192 |    88 ||   566
 Cast: Manifold Assault  |       |       |       |       |    12 |    61 |    12 ||    85
       Vhi's Electric Ch |       |       |       |       |       |       |    61 ||    61
Invok: Call Merchant     |       |       |       |     1 |     2 |     2 |     1 ||     6
Evoke: Wand              |       |       |       |       |       |       |     1 ||     1
  Use: Scroll            |     2 |       |     3 |    15 |     3 |    16 |    15 ||    54
       Potion            |     1 |     1 |     3 |    16 |     8 |    10 |     3 ||    42
 Stab: Distracted        |       |       |       |     3 |    13 |     7 |     3 ||    26
       Invisible         |       |       |       |       |     1 |       |     3 ||     4
       Petrifying        |       |       |       |       |     1 |       |       ||     1
       Sleeping          |       |       |       |       |       |    16 |       ||    16
Armor: Leather armour    |    32 |   104 |   236 |   155 |       |       |       ||   527
       Chain mail        |       |       |       |   384 |  1037 |   196 |       ||  1617
       Robe              |       |       |       |       |       |   357 |       ||   357
       Crystal plate arm |       |       |       |       |       |   571 |   435 ||  1006
Dodge: Dodged            |    42 |    97 |   187 |   284 |   445 |   529 |   164 ||  1748
Block: Other             |       |    20 |   102 |   207 |   289 |   304 |   113 ||  1035
       Reflection        |       |     3 |     3 |    13 |    12 |    13 |     1 ||    45

Table legend: (Time is in decaauts)
 A = Elapsed time spent in this place.
 B = Non-inter-level travel time spent in this place.
 C = Inter-level travel time spent in this place.
 D = Time resting spent in this place.
 E = Time spent auto-exploring this place.
 F = Levels seen in this place.
 G = Mean time per level.
                   A        B        C        D        E       F      G
               +--------+--------+--------+--------+--------+-----+--------+
         Total |  54011 |  48534 |   5477 |  12015 |  25563 |  48 | 1125.2 |
       Dungeon |  19895 |  17101 |   2794 |   2998 |  10711 |  15 | 1326.3 |
          Lair |   5700 |   4799 |    901 |    416 |   3075 |   5 | 1140.0 |
         Swamp |   4665 |   4427 |    238 |    464 |   2810 |   4 | 1166.2 |
   Spider Nest |   6224 |   5663 |    561 |   2087 |   2465 |   4 | 1556.0 |
  Orcish Mines |   2791 |   2258 |    533 |    103 |   1423 |   2 | 1395.5 |
   Elven Halls |   4982 |   4705 |    277 |   1450 |   2291 |   3 | 1660.7 |
        Vaults |     13 |     13 |      0 |      0 |      0 |   1 |   13.0 |
        Depths |   7030 |   6862 |    168 |   3388 |   2093 |   4 | 1757.5 |
         Abyss |    208 |    208 |      0 |      0 |     64 |   1 |  208.0 |
      Ziggurat |    763 |    763 |      0 |    464 |    118 |   6 |  127.2 |
       Ossuary |    355 |    355 |      0 |      0 |    140 |   1 |  355.0 |
      Ice Cave |   1139 |   1139 |      0 |    644 |    248 |   1 | 1139.0 |
       Volcano |    241 |    241 |      0 |      0 |    123 |   1 |  241.0 |
               +--------+--------+--------+--------+--------+-----+--------+

Top non-repeatable levels by time:
Depths:4: 3718 daAuts
   Elf:2: 2272 daAuts
Spider:4: 2099 daAuts
Depths:1: 1931 daAuts
    D:10: 1882 daAuts
     D:8: 1746 daAuts
Spider:3: 1733 daAuts
    D:15: 1576 daAuts
  Lair:5: 1556 daAuts
 Swamp:3: 1534 daAuts
 Swamp:4: 1532 daAuts
     D:6: 1527 daAuts
     D:9: 1482 daAuts
   Orc:2: 1468 daAuts
    D:12: 1459 daAuts
